 Dungeon Crawl Stone Soup version 0.20.1-1-g8b1a95d (webtiles) character file.

20 Linguinho the Sneak (level 2, -6/22 HPs)
             Began as a Demonspawn Assassin on Oct 30, 2017.
             Killed from afar by Sigmund (8 damage)
             ... with a magic dart
             ... on level 2 of the Dungeon.
             The game lasted 00:02:02 (821 turns).

Linguinho the Sneak (Demonspawn Assassin)            Turns: 821, Time: 00:02:03

Health: -6/22      AC:  3    Str: 11    XL:     2   Next: 58%
Magic:  2/2        EV: 12    Int: 12    God:
Gold:   100        SH:  0    Dex: 14    Spells: 1/1 levels left

rFire    . . .     SeeInvis .   a - +2 dagger
rCold    . . .     Gourm    .   (no shield)
rNeg     . . .     Faith    .   c - +0 robe
rPois    .         Spirit   .   (no helmet)
rElec    .         Reflect  .   d - +0 cloak
rCorr    .         Harm     .   (no gloves)
MR       .....                  (no boots)
Stlth    +++.......             (no amulet)
Regen    0.1/turn               (no ring)
MPRegen  0.1/turn               (no ring)

@: no status effects
A: spiny 1
a: no special abilities


You were on level 2 of the Dungeon.
You were not hungry.

You visited 1 branch of the dungeon, and saw 2 of its levels.

You collected 100 gold pieces.

Inventory:

Hand Weapons
 a - a +2 dagger (weapon)
 b - a +0 blowgun
 v - a +0 short sword
 x - a +0 dagger
 y - a +0 dagger
Missiles
 e - 8 poisoned needles
 f - 2 curare-tipped needles
Armour
 c - a +0 robe (worn)
 d - a +0 cloak (worn)
 m - a +0 scale mail
 q - a +0 chain mail
 s - a +0 ring mail
Jewellery
 p - a cursed ring of loudness {unknown}
 w - an uncursed amulet of the gourmand {unknown}
Scrolls
 i - 3 scrolls of identify {unknown}
 l - a scroll of remove curse {unknown}
 o - 3 scrolls of teleportation {unknown}
 r - a scroll of magic mapping {unknown}
 t - 3 scrolls of fog {unknown}
 z - 3 scrolls of enchant weapon {unknown}
Potions
 h - a potion of might {unknown}
 j - a potion of agility {unknown}
 k - a potion of heal wounds {unknown}
 n - a potion of lignification {unknown}
Comestibles
 g - a bread ration
 u - a royal jelly


   Skills:
 + Level 2.0 Fighting
 + Level 1.8 Short Blades
 - Level 1.7 Throwing
 * Level 0.1 Armour
 + Level 1.1 Dodging
 + Level 4.2 Stealth


You had one spell level left.
You didn't know any spells.

Dungeon Overview and Level Annotations

Branches:
Dungeon (2/15)

Altars:

Annotations:
D:2 Sigmund


Innate Abilities, Weirdness & Mutations

You are partially covered in sharp spines.


Message History

You hit Sigmund.
Sigmund is lightly wounded.
You hit Sigmund.
Sigmund is moderately wounded.
You hit Sigmund.
Sigmund is moderately wounded.
Sigmund is struck by your spines. Sigmund hits you but does no damage.
You hit Sigmund.
Sigmund is heavily wounded.
You hit Sigmund.
Sigmund is heavily wounded.
Sigmund gestures at you while chanting. The puff of flame hits you!
* * * LOW HITPOINT WARNING * * *
Sigmund hits you from afar with a scythe.
* * * LOW HITPOINT WARNING * * *
Sigmund barely misses you.
Sigmund points at you and mumbles some strange words.
The magic dart hits you!
You die...

.(.#.. #.####### ##.#..##
#.......## ......#
.#........# ###....#
......^.... .......#
.$......... ###...###
........... #.......#####
..........?
#.###.#.@...######...........
#@#####.@..!##.#........#
#.#########.##.#...:.....
#........................
#..########.##...........
..## #..#........... ...
##............. .#.
###........... ##.#.........
######............


You could see Sigmund.

Vanquished Creatures
  2 giant cockroaches (D:1)
  3 goblins (D:1)
  3 hobgoblins
  3 kobolds (D:1)
  2 bats (D:1)
  3 frilled lizards
  4 rats (D:1)
20 creatures vanquished.

Notes
Turn   | Place    | Note
-------+----------+-------------------------------------------
     0 | D:1      | Linguinho the Demonspawn Assassin began the quest for the Orb.
     0 | D:1      | Reached XP level 1. HP: 16/16 MP: 1/1
    72 | D:1      | Reached skill level 1 in Dodging
   209 | D:1      | Reached skill level 4 in Stealth
   209 | D:1      | Gained mutation: You are partially covered in sharp spines. [demonic ancestry]
   209 | D:1      | Reached XP level 2. HP: 21/22 MP: 2/2
   604 | D:2      | Noticed Sigmund
   821 | D:2      | Killed from afar by Sigmund

Skill      XL: |  1 |
---------------+----+-----
Dodging        | 1 |  1.1
Stealth        | 4 |  4.2
Fighting       | |  2.0
Short Blades   | |  1.8
Throwing       | |  1.7
Armour         | |  0.1

Action                   || total
-------------------------++-------
Melee: Dagger            ||    54
 Stab: Sleeping          ||     3
Armor: Robe              ||     6
Dodge: Dodged            ||    22
